 Dungeon Crawl Stone Soup version 0.28.0-53-g5a82cb258f (webtiles) character file.

Game seed: 10406192208236665685

1997 Peloso the Carver (level 9, -5/79 HPs)
             Began as a Minotaur Fighter on Aug 7, 2022.
             Was an Initiate of Okawaru.
             Slain by an orc warrior
             ... wielding a +0 halberd
              (13 damage)
             ... on level 7 of the Dungeon.
             The game lasted 00:08:00 (4707 turns).

Peloso the Carver (Minotaur Fighter)                Turns: 4707, Time: 00:08:01

Health: -5/79      AC:  9    Str: 27    XL:     9   Next: 2%
Magic:  8/8        EV: 12    Int:  5    God:    Okawaru [......]
Gold:   277        SH:  5    Dex: 11    Spells: 8/8 levels left

rFire   + . .      SeeInvis .   a - +1 long sword
rCold   . . .      Faith    .   c - +0 buckler
rNeg    . . .      Spirit   .   i - +2 leather armour "Fuemoich" {-Cast rF+ Regen+ Str+3}
rPois   .          Reflect  .   (helmet restricted)
rElec   .          Harm     .   l - +2 cloak
rCorr   .          Rampage  .   (no gloves)
Will    .....      NoCast   +   (no boots)
Stlth   +.........              (no amulet)
HPRegen 1.03/turn               (no ring)
MPRegen 0.11/turn               (no ring)

@: slowed, very slow
A: horns 2, retaliatory headbutt
a: Renounce Religion


You were on level 7 of the Dungeon.
You worshipped Okawaru.
Okawaru was noncommittal.
You visited 2 branches of the dungeon, and saw 8 of its levels.

You collected 277 gold pieces.

Inventory:

Hand Weapons
 a - a +1 long sword (weapon)
Missiles
 p - 2 throwing nets (quivered)
Armour
 b - a +0 scale mail
 c - a +0 buckler (worn)
 d - +0 acid dragon scales
 i - the +2 leather armour "Fuemoich" (worn) {-Cast rF+ Regen+ Str+3}
   (You found it on level 2 of the Dungeon)

   Str:       It affects your strength (+3).
   rF:        It protects you from fire.
   -Cast:     It prevents spellcasting.
   Regen:     It increases your rate of health regeneration.
 l - a +2 cloak (worn)
Jewellery
 h - an amulet of the acrobat
Wands
 f - a wand of acid (6)
Scrolls
 e - 5 scrolls of teleportation
 j - 3 scrolls of immolation
 m - 3 scrolls of identify
 n - 3 scrolls of holy word {unknown}
 o - 2 scrolls of amnesia
 r - 3 scrolls of silence {unknown}
 s - a scroll of fog {unknown}
 t - a scroll of blinking
Potions
 k - 2 potions of flight
 q - a potion of cancellation {unknown}
 u - 2 potions of mutation {unknown}


   Skills:
 + Level 7.4 Fighting
 + Level 9.9 Long Blades
 + Level 5.5 Armour
 + Level 4.2 Dodging
 + Level 0.6 Stealth
 + Level 5.8 Shields


You had 8 spell levels left.
You didn't know any spells.
Your spell library contained the following spells:

 Spells                   Type           Power      Damage    Failure   Level
 Freeze                   Ice            0%         1d3       58%         1
 Static Discharge         Conj/Air       0%         N/A       75%         2
 Frozen Ramparts          Ice            0%         1d2       92%         3
 Hailstorm                Conj/Ice       0%         3d3       100%        4
 Lightning Bolt           Conj/Air       0%         1d11      100%        5
 Maxwell's Capacitive Co  Air            0%         ∞         100%        8


Dungeon Overview and Level Annotations

Branches:
Dungeon (7/15)             Temple (1/1) D:6

Altars:
Cheibriados
Elyvilon
Fedhas
Gozag
Hepliaklqana
Kikubaaqudgha
Makhleb
Nemelex Xobeh
Okawaru
Ru
Sif Muna
Trog
Uskayaw
Vehumet
Wu Jian
Xom
Yredelemnul
Zin
The Shining One

Shops:
D:6 (


Innate Abilities, Weirdness & Mutations

You have a pair of horns on your head.
You reflexively headbutt those who attack you in melee.


Message History

The curare-tipped dart closely misses you.
A kobold comes into view. It is wielding a +0 dagger.
The kobold shouts!
You hear a shout!
The kobold throws a stone.
The stone barely misses you.
The kobold brigand throws a curare-tipped dart.
The curare-tipped dart closely misses you.
The orc priest invokes the aid of Beogh against you.
Beogh smites you! The kobold barely misses you.
The kobold shouts!
The kobold throws a stone.
The stone misses you.
The kobold brigand throws a curare-tipped dart.
The curare-tipped dart hits you.
You are poisoned.
You have difficulty breathing.
* * * LOW HITPOINT WARNING * * *
You feel as though you will be slow longer.
The kobold misses you.
* * * LOW HITPOINT WARNING * * *
You feel extremely sick.
An orc wizard comes into view. It is wielding a +0 dagger.
You feel very sick.
You feel very sick. You block the kobold's attack.
The kobold throws a stone.
The stone hits you but does no damage.
You feel better. The orc priest misses you.
The kobold hits you but does no damage. The kobold barely misses you.
The orc priest closely misses you. The kobold hits you but does no damage.
The orc wizard gestures wildly while chanting.
The orc wizard flickers and vanishes!
Deactivating autopickup; reactivate with Ctrl-A.
The kobold hits you with a +0 dagger.
* * * LOW HITPOINT WARNING * * *
You block the kobold's attack.
The orc priest invokes the aid of Beogh against you.
Beogh smites you!
* * * LOW HITPOINT WARNING * * *
The kobold misses you. You furiously retaliate!
You headbutt the kobold.
The orc warrior hits you from afar with a +0 halberd!
You die...

...###..## ##...
.............### ###....
...............###......
........................
.................##....
....####...###..###..#
#..##...## #..# #...
#.....## #..# ##.. #.@..##
#.## .. ##K.## ..# #. #Ko#
..# . ....# #Ko# .###....#
##KK## ........####
##o...####..
...........###............
.......[........##........
........####....#....#....


You could see an orc warrior, a kobold brigand, an orc priest, an orc and 4
kobolds.

Vanquished Creatures
  Menkaure (D:6)
  An acid dragon (D:4)
  A sky beast (D:6)
  2 necrophages
  3 ogres
  3 phantoms
  A kobold brigand (D:7)
  A scorpion (D:6)
  A bullfrog (D:6)
  A water moccasin zombie (D:6)
  A howler monkey (D:5)
  A centaur zombie (D:6)
  3 hounds
  A centaur skeleton (D:4)
  A jelly (D:4)
  2 orc priests
  A gnoll shaman (D:4)
  Jessica (D:2)
  An iguana (D:6)
  2 orc wizards
  A scorpion zombie (D:5)
  Terence (D:3)
  A hound skeleton (D:4)
  11 adders
  12 gnolls
  2 white imps (D:5)
  4 dart slugs
  15 orcs
  5 ball pythons
  7 endoplasms
  2 giant cockroaches
  10 goblins
  5 hobgoblins
  2 jackals (D:3)
  15 kobolds
  5 quokkas
  5 bats
  2 frilled lizards
  3 rats
137 creatures vanquished.

Notes
Turn   | Place    | Note
-------+----------+-------------------------------------------
     0 | D:1      | Peloso the Minotaur Fighter began the quest for the Orb.
     0 | D:1      | Reached XP level 1. HP: 19/19 MP: 0/0
   132 | D:1      | Reached XP level 2. HP: 19/27 MP: 1/1
   571 | D:1      | Found a faded altar of an unknown god.
   816 | D:2      | Reached XP level 3. HP: 32/33 MP: 2/2
   850 | D:2      | Identified the +2 leather armour "Fuemoich" {-Cast rF+
                  | Regen+ Str+3}
   896 | D:2      | Reached skill level 3 in Long Blades
  1331 | D:2      | Noticed Jessica
  1338 | D:2      | Killed Jessica
  1339 | D:2      | Reached skill level 4 in Long Blades
  1339 | D:2      | Reached XP level 4. HP: 37/40 MP: 3/3
  1493 | D:3      | Noticed Terence
  1503 | D:3      | Killed Terence
  1521 | D:3      | Noticed an ogre
  1527 | D:3      | Killed an ogre
  1528 | D:3      | Reached skill level 5 in Long Blades
  1528 | D:3      | Reached skill level 1 in Dodging
  1528 | D:3      | Reached XP level 5. HP: 42/47 MP: 4/4
  1721 | D:3      | Found a snail-covered altar of Cheibriados.
  1837 | D:4      | Reached XP level 6. HP: 55/55 MP: 5/5
  1858 | D:4      | Reached skill level 5 in Fighting
  1939 | D:4      | Found a large runed translucent door.
  1940 | D:4      | Found a large runed translucent door.
  2124 | D:4      | Reached skill level 6 in Long Blades
  2125 | D:4      | Noticed an acid dragon
  2130 | D:4      | Killed an acid dragon
  2212 | D:4      | Reached XP level 7. HP: 29/61 MP: 6/6
  2444 | D:4      | Reached skill level 7 in Long Blades
  2455 | D:4      | Identified the +1 leather armour "Fehucipnat" {rC+}
  2918 | D:4      | Found a burning altar of Makhleb.
  2922 | D:4      | Found a sacrificial altar of Ru.
  2974 | D:5      | Entered Level 5 of the Dungeon
  2983 | D:5      | Reached skill level 5 in Armour
  2987 | D:5      | Reached skill level 5 in Shields
  3066 | D:5      | Found an ancient bone altar of Kikubaaqudgha.
  3100 | D:5      | Found a shimmering blue altar of Sif Muna.
  3190 | D:5      | Reached XP level 8. HP: 68/70 MP: 7/7
  3203 | D:5      | Reached skill level 8 in Long Blades
  3821 | D:6      | Found a staircase to the Ecumenical Temple.
  3851 | Temple   | Entered the Ecumenical Temple
  3969 | Temple   | Became a worshipper of Warmaster Okawaru
  4114 | D:6      | Reached skill level 9 in Long Blades
  4218 | D:6      | Found Zasuin's Weapon Shoppe.
  4293 | D:6      | Noticed Menkaure
  4305 | D:6      | Killed Menkaure
  4616 | D:7      | Reached XP level 9. HP: 72/79 MP: 8/8
  4707 | D:7      | Slain by an orc warrior

Illustrated notes

Levels and vault maps discovered:
D:1:      denvon_arrival_planthouse, layout_rooms,
          shapermc_ecumenical_altar_mp_highgroup
D:2:      layout_basic, kennysheep_jessica_study
D:3:      layout_rooms, kennysheep_slug_shrine, uniq_terence
D:4:      layout_loops_corners, jmf_multi_god_temple2
D:5:      layout_basic, mainiacjoe_overflow_two_lobes
D:6:      layout_cave_pools, minmay_temple_entry_large_hall, serial_shops, shop,
          uniq_menkaure
D:7:      layout_layer_cave
Temple:   minmay_crystal_spiral_temple

Skill      XL: |  1  2  3  4  5  6  7  8 |
---------------+-------------------------+-----
Shields        | 4 5 |  5.8
Fighting       | 4 5 6 7 |  7.4
Armour         | 4 5 |  5.5
Long Blades    | 4 5 6 7 9 |  9.9
Dodging        | 1 2 3 4 |  4.2
Stealth        | |  0.6

Action                   |  1- 3 |  4- 6 |  7- 9 || total
-------------------------+-------+-------+-------++-------
Melee: Long sword        |    81 |   105 |   203 ||   389
       Headbutt          |    13 |    16 |    40 ||    69
  Use: Scroll            |       |     4 |     5 ||     9
       Potion            |       |     2 |     2 ||     4
Armor: Scale mail        |    30 |       |       ||    30
       Leather armour    |    16 |    38 |    77 ||   131
Dodge: Dodged            |    43 |    56 |   106 ||   205
Block: Buckler           |    22 |    31 |    48 ||   101
